 Dungeon Crawl Stone Soup version 0.19.0-2-gae57169 (webtiles) character file.

5645 lorenzova the Thaumaturge (level 10, -3/50 HPs)
             Began as a Deep Elf Conjurer on Nov 5, 2016.
             Was a Believer of Vehumet.
             Slain by an orc warrior
             ... wielding a +0 war axe
              (8 damage)
             ... on level 8 of the Dungeon.
             The game lasted 00:16:38 (9160 turns).

lorenzova the Thaumaturge (Deep Elf Conjurer)       Turns: 9160, Time: 00:16:38

Health: -3/50      AC:  7    Str:  5    XL:     10   Next: 46%
Magic:  17/29      EV:  9    Int: 24    God:    Vehumet [**....]
Gold:   362        SH:  0    Dex: 15    Spells: 3 memorised, 25 levels left

rFire  . . .     SeeInvis .     u - +11 war axe "Quonex" {drain, +Fly}
rCold  . . .     Gourm    .     O - +2 ring mail {rPois}
rNeg   . . .     Faith    .     (no shield)
rPois  +         Spirit   .     P - +0 hat
rElec  .         Reflect  .     (no cloak)
rCorr  .         Harm     .     (no gloves)
MR     +....                    (no boots)
Stlth  +.........               (no amulet)
                                (no ring)
                                (no ring)

@: very slightly contaminated
A: no striking features
a: Renounce Religion, Evoke Flight


You were on level 8 of the Dungeon.
You worshipped Vehumet.
Vehumet was pleased with you.
You were not hungry.

You visited 1 branch of the dungeon, and saw 9 of its levels.
You also visited: Sewer.

You collected 362 gold pieces.

Inventory:

Hand Weapons
 n - a +1 long sword of holy wrath
 u - the +11 war axe "Quonex" (weapon) {drain, +Fly}
   (You found it on level 5 of the Dungeon)

   A truly terrible weapon, it drains the life of those it strikes.
   It lets you fly.
Armour
 a - a +0 robe
 g - a +1 helmet
 O - a +2 ring mail of poison resistance (worn)
 P - a +0 hat (worn)
Magical Staves
 C - an uncursed staff of death
 M - an uncursed staff of energy
Wands
 G - a wand of digging (5/24)
 N - a wand of acid (4/15)
Scrolls
 e - 9 scrolls of remove curse {unknown}
 f - 8 scrolls of identify {unknown}
 i - 2 scrolls of random uselessness {unknown}
 j - 3 scrolls of teleportation {unknown}
 k - 5 scrolls of enchant armour {unknown}
 q - 3 scrolls of recharging {unknown}
 s - 4 scrolls of enchant weapon {unknown}
 v - a scroll of fear {unknown}
 y - a scroll of immolation {unknown}
 I - a scroll of magic mapping {unknown}
 J - a scroll of amnesia {unknown}
 K - a scroll of blinking {unknown}
Potions
 d - a potion of degeneration {unknown}
 l - 2 potions of invisibility {unknown}
 p - 3 potions of lignification {unknown}
 r - 5 potions of might {unknown}
 t - a potion of mutation {unknown}
 w - 4 potions of heal wounds {unknown}
 x - 4 potions of flight {unknown}
 z - 2 potions of brilliance {unknown}
 A - 2 potions of curing {unknown}
 B - 3 potions of agility {unknown}
 D - 2 potions of berserk rage {unknown}
 F - 2 potions of haste {unknown}
 H - a potion of cancellation {unknown}
Books
 b - a book of Conjurations

   Spells                             Type                      Level
   a - Magic Dart                     Conjuration                  1
   b - Searing Ray                    Conjuration                  2
   c - Dazzling Spray                 Conjuration/Hexes            3
   d - Fulminant Prism                Conjuration/Hexes            4
   e - Iskenderun's Mystic Blast      Conjuration                  4
   f - Iskenderun's Battlesphere      Conjuration/Charms           5
 L - a book of Maledictions

   Spells                             Type                      Level
   a - Corona                         Hexes                        1
   b - Ensorcelled Hibernation        Hexes/Ice                    2
   c - Confuse                        Hexes                        3
   d - Tukima's Dance                 Hexes                        3
   e - Dazzling Spray                 Conjuration/Hexes            3
Comestibles
 c - 6 bread rations
 h - 2 beef jerkies
 m - 3 slices of pizza
 o - 2 meat rations


   Skills:
 - Level 2.4 Dodging
 - Level 2.4 Stealth
 * Level 13.0 Spellcasting
 * Level 11.8 Conjurations
 + Level 9.0 Charms


You had 25 spell levels left.
You knew the following spells:

 Your Spells              Type           Power        Failure   Level  Hunger
a - Magic Dart            Conj           ####         1%          1    None
b - Iskenderun's Battles  Conj/Chrm      ######..     10%         5    ###....
c - Iskenderun's Mystic   Conj           ######..     1%          4    None


Dungeon Overview and Level Annotations

Branches:
Dungeon (9/15)             Temple (0/1) D:5
   Lair: D:8-11         Orc: D:9-12

Altars:
Kikubaaqudgha
Makhleb
Okawaru
Ru
Trog
Vehumet
Xom

Shops:
D:6 %   D:8 [}

Annotations:
D:4 zkyp's ghost, amateur TrFi


Message History

The orb of energy hits the orc warrior.
The orc warrior is moderately wounded.
Casting: Iskenderun's Mystic Blast
Confirm with . or Enter, or press ? or * to list all spells.
Aiming: Iskenderun's Mystic Blast
Press: ? - help, Shift-Dir - straight line, f/p - orc warrior
Aim: an orc warrior, wielding a war axe and wearing a plate armour (moderately wounded)
The orb of energy hits the orc warrior.
The orc warrior is moderately wounded.
The orc priest mumbles some strange prayers to Beogh against you.
Beogh smites you!
* * * LOW HITPOINT WARNING * * *
The orc warrior hits you with a war axe!
* * * LOW HITPOINT WARNING * * *
You climb upwards.
There is a stone staircase leading down here.
You slash the orc warrior!
The orc warrior is almost dead.
The orc warrior hits you with a war axe!
You die...

#.# #ยง# #.#
#.##########
#.###.#........##
#........##.....#
#####.#...'.....#
#.#...#.....#
#.#.........#
#####.#.........# ######
#........@......# #.....
#.........o.....# #.....
#..............## #<....
#####.#.#.#.#### #.....
#....<....# #....^
###.#.#...# #.....
#####.#.....# #.....
#.......#...#######.....
#.###).....)..(..((.(...


You could see an orc warrior.

Vanquished Creatures
  Gastronok (D:8)
  Erica (D:8)
  Psyche (D:8)
  Prince Ribbit (D:8)
  Sigmund (D:6)
  Menkaure (D:5)
  An orc warrior (D:8)
  2 ice beasts
  A phantom (D:8)
  A sky beast (D:7)
  4 ogres
  3 centaurs
  5 big kobolds
  7 bullfrogs
  4 scorpions
  A jelly (D:6)
  2 hounds
  A bullfrog zombie (D:6)
  3 orc priests
  5 worker ants
  4 orc wizards
  A gnoll (D:5)
  8 adders
  3 shadow imps
  An adder zombie (D:6)
  An adder skeleton (D:7)
  3 worms
  A dart slug (D:2)
  3 leopard geckos
  13 orcs
  2 ball pythons (Sewer)
  8 bats
  5 giant cockroaches
  5 goblins
  11 hobgoblins
  7 jackals
  A quokka (D:7)
  9 frilled lizards
  A jackal zombie (D:5)
  20 kobolds
  9 rats
162 creatures vanquished.

Notes
Turn   | Place    | Note
-------+----------+-------------------------------------------
     0 | D:1      | lorenzova the Deep Elf Conjurer began the quest for the Orb.
     0 | D:1      | Reached XP level 1. HP: 10/10 MP: 6/6
   227 | D:1      | Reached XP level 2. HP: 15/15 MP: 1/8
   664 | D:1      | Reached skill level 4 in Spellcasting
  1027 | D:2      | Reached XP level 3. HP: 19/19 MP: 6/10
  1214 | D:2      | Found a faded altar of an unknown god.
  1358 | D:2      | Reached skill level 5 in Conjurations
  1925 | D:2      | Reached XP level 4. HP: 24/24 MP: 7/12
  1931 | D:2      | Learned a level 4 spell: Iskenderun's Mystic Blast
  1932 | D:2      | Found a radiant altar of Vehumet.
  2026 | D:2      | Became a worshipper of Vehumet
  2075 | D:2      | Reached skill level 5 in Spellcasting
  3400 | D:4      | Reached XP level 5. HP: 28/28 MP: 6/14
  3639 | D:4      | Reached skill level 6 in Spellcasting
  3780 | D:4      | Noticed an ogre
  3787 | D:4      | Killed an ogre
  3787 | D:4      | Reached XP level 6. HP: 32/32 MP: 9/17
  3794 | D:4      | Learned a level 5 spell: Iskenderun's Battlesphere
  3806 | D:4      | Noticed zkyp's ghost (amateur TrFi)
  3954 | D:4      | You fall through a shaft!
  3954 | D:5      | Entered Level 5 of the Dungeon
  4098 | D:5      | Got a jewelled war axe
  4099 | D:5      | Identified the +11 war axe "Quonex" {drain, +Fly} (You found it on level 5 of the Dungeon)
  4264 | D:5      | Found a glowing drain.
  4268 | Sewer    | Entered a sewer
  4367 | Sewer    | Reached * piety under Vehumet
  4367 | Sewer    | Offered knowledge of Sandblast by Vehumet.
  4398 | Sewer    | Reached skill level 7 in Spellcasting
  4398 | Sewer    | Reached skill level 1 in Charms
  4434 | Sewer    | Reached XP level 7. HP: 34/36 MP: 19/19
  4620 | D:5      | Found a staircase to the Ecumenical Temple.
  4734 | D:5      | Noticed Menkaure
  4736 | D:5      | Killed Menkaure
  4736 | D:5      | Reached skill level 8 in Spellcasting
  5568 | D:6      | Reached XP level 8. HP: 38/41 MP: 7/22
  5839 | D:6      | Reached skill level 9 in Spellcasting
  6030 | D:6      | Found Fehy's Food Boutique.
  6047 | D:6      | Found a sacrificial altar of Ru.
  6350 | D:6      | Noticed Sigmund
  6353 | D:6      | Killed Sigmund
  6553 | D:7      | Reached skill level 5 in Charms
  6828 | D:7      | Offered knowledge of Flame Tongue by Vehumet.
  6828 | D:7      | Reached skill level 10 in Spellcasting
  7167 | D:7      | Found a burning altar of Makhleb.
  7251 | D:7      | Reached XP level 9. HP: 44/45 MP: 22/25
  7492 | D:7      | Reached ** piety under Vehumet
  7674 | D:8      | Noticed Psyche
  7677 | D:8      | Killed Psyche
  7677 | D:8      | Reached skill level 11 in Spellcasting
  7677 | D:8      | Reached skill level 10 in Conjurations
  7785 | D:8      | Found Jiluq's Armour Emporium.
  8113 | D:8      | Found Qaofit Muisk's Gadget Boutique.
  8163 | D:8      | Noticed Erica
  8170 | D:8      | Killed Erica
  8311 | D:8      | Noticed Gastronok
  8327 | D:8      | Noticed Prince Ribbit
  8344 | D:8      | Killed Prince Ribbit
  8344 | D:8      | Reached skill level 12 in Spellcasting
  8591 | D:8      | Killed Gastronok
  8591 | D:8      | Reached XP level 10. HP: 50/50 MP: 2/28
  9038 | D:8      | Reached skill level 13 in Spellcasting
  9136 | D:9      | Found an ancient bone altar of Kikubaaqudgha.
  9137 | D:9      | Found a bloodstained altar of Trog.
  9137 | D:9      | Found an iron altar of Okawaru.
  9138 | D:9      | Found a shimmering altar of Xom.
  9160 | D:8      | Slain by an orc warrior

Skill      XL: |  1  2  3  4  5  6  7  8  9 10 |
---------------+-------------------------------+-----
Spellcasting   | 4 5 6 7 8 10 12 13 | 13.0
Conjurations   | 5 6 7 8 9 11 | 11.8
Charms         | 1 3 5 8 9 |  9.0
Dodging        | |  2.4
Stealth        | |  2.4

Action                   |  1- 3 |  4- 6 |  7- 9 | 10-12 || total
-------------------------+-------+-------+-------+-------++-------
Melee: War axe           |       |    28 |    57 |    12 ||    97
 Cast: Magic Dart        |    97 |    89 |    76 |     7 ||   269
       Iskenderun's Myst |       |       |    36 |     6 ||    42
       Iskenderun's Batt |       |       |     9 |     4 ||    13
 Stab: Sleeping          |       |       |     5 |       ||     5
  Eat: Chunk             |     3 |     8 |     6 |     2 ||    19
       Meat ration       |       |       |     1 |       ||     1
       Fruit             |       |       |     2 |     2 ||     4
Armor: Robe              |     1 |     9 |    21 |       ||    31
       Ring mail         |       |       |       |     9 ||     9
Dodge: Dodged            |     8 |    38 |    37 |    13 ||    96
       Rpst.: Long sword |       |     4 |       |       ||     4
